 Dungeon Crawl Stone Soup version 0.29.0-5-ge4962eb29e (webtiles) character file.

Game seed: 11069881688357803522

16152 apoch the Cleaver (level 12, -3/106 HPs)
             Began as a Minotaur Fighter on Aug 29, 2022.
             Was the Champion of Dithmenos.
             Slain by a fire crab (6 damage)
             ... summoned by an orange crystal statue
             ... in a Gauntlet.
             The game lasted 00:29:11 (14385 turns).

apoch the Cleaver (Minotaur Fighter)               Turns: 14385, Time: 00:29:11

Health: -3/106     AC: 16    Str: 24    XL:     12   Next: 7%
Magic:  0/27       EV: 14    Int:  5    God:    Dithmenos [******]
Gold:   557        SH:  0    Dex: 12    Spells: 11/11 levels left

rFire   . . .      SeeInvis .   a - +4 war axe (freeze)
rCold   . . .      Faith    .   y - +2 buckler
rNeg    . . .      Spirit   +   u - +3 ring mail {rPois}
rPois   +          Reflect  .   (helmet restricted)
rElec   .          Harm     .   e - +0 cloak
rCorr   +          Rampage  .   l - +2 pair of gloves
Will    .....      NoTele   +   F - +0 pair of boots
Stlth   ..........              P - amulet of guardian spirit
HPRegen 0.27/turn               v - ring of resist corrosion
MPRegen 0.20/turn               G - ring of magical power

@: confused, frozen, wreathed by umbra, very slow
A: horns 2, retaliatory headbutt
a: Renounce Religion, Shadow Step, Shadow Form


You were in a Gauntlet.
You worshipped Dithmenos.
Dithmenos was exalted by your worship.
You visited 3 branches of the dungeon, and saw 13 of its levels.
You also visited: Sewer, Ossuary and Gauntlet.

You collected 667 gold pieces.
You spent 110 gold pieces at shops.

Inventory:

Hand Weapons
 a - a +4 war axe of freezing (weapon)
 b - a +5 flail
 K - a +2 war axe of freezing
Missiles
 m - 7 stones (quivered)
 r - 37 poisoned darts
 J - 6 curare-tipped darts
Armour
 e - a +0 cloak (worn)
 l - a +2 pair of gloves (worn)
 u - a +3 ring mail of poison resistance (worn)
 y - a +2 buckler (worn)
 F - a +0 pair of boots (worn)
Jewellery
 v - a ring of resist corrosion (left hand)
 G - a ring of magical power (right hand)
 L - a ring of ice
 P - an amulet of guardian spirit (around neck)
Wands
 c - a wand of digging (5)
 i - a wand of paralysis (16)
 B - a wand of mindburst (29)
 H - a wand of iceblast (14)
Scrolls
 d - a scroll of identify
 j - a scroll of fog
 n - a scroll of blinking
 p - a scroll of enchant armour
 t - a scroll of silence
 w - 4 scrolls of teleportation
 E - 2 scrolls of amnesia
Potions
 f - 6 potions of mutation
 g - 5 potions of flight
 h - 4 potions of lignification
 k - 11 potions of curing
 o - 4 potions of haste
 q - 2 potions of heal wounds
 A - a potion of resistance
 C - 2 potions of ambrosia
 N - 2 potions of magic {unknown}
 Q - a potion of degeneration {unknown}


   Skills:
 - Level 10.0 Fighting
 + Level 12.0 Axes
 - Level 10.0 Armour
 - Level 10.0 Dodging
 - Level 3.6 Shields
 - Level 10.0 Invocations


You had 11 spell levels left.
You didn't know any spells.
Your spell library contained the following spells:

 Spells                   Type           Power      Damage    Failure   Level
 Freeze                   Ice            0%         1d3       69%         1
 Shock                    Conj/Air       0%         1d3       69%         1
 Frozen Ramparts          Ice            0%         1d1       96%         3
 Spider Form              Tmut/Pois      0%         N/A       96%         3
 Swiftness                Air            0%         N/A       96%         3
 Airstrike                Air            0%         2d(0-16)  100%        4
 Corpse Rot               Necr/Pois/Air  0%         N/A       100%        4
 Hailstorm                Conj/Ice       0%         3d3       100%        4
 Ice Form                 Ice/Tmut       0%         N/A       100%        4
 Summon Ice Beast         Ice/Summ       0%         N/A       100%        4
 Freezing Cloud           Conj/Ice/Air   0%         6-21      100%        5
 Simulacrum               Ice/Necr       0%         N/A       100%        6
 Dragon Form              Tmut           0%         N/A       100%        7


Dungeon Overview and Level Annotations

Branches:
Dungeon (11/15)            Temple (1/1) D:4            Lair (1/5) D:11
  Sewer (visited)         Ossuary (visited)         Gauntlet (1/1)
    Orc: D:9-12

Altars:
Ashenzari
Cheibriados
Dithmenos
Elyvilon
Fedhas
Gozag
Hepliaklqana
Nemelex Xobeh
Okawaru
Qazlal
Ru
Sif Muna
Trog
Uskayaw
Wu Jian
Zin
The Shining One

Shops:
D:8 *

Annotations:
D:10 1 transporter Gauntlet 9 transporters, 21 runed translucent doors, exclusion: orange crystal statue


Innate Abilities, Weirdness & Mutations

You have a pair of horns on your head.
You reflexively headbutt those who attack you in melee.


Message History

You resist with almost no effort. The golden eye blinks at you. x2
The rime drake bites you but does no damage.
The golden eye blinks at you. The tarantella touches you.
* * * LOW HITPOINT WARNING * * *
The tarantella barely misses you.
You're too confused to move!
The worldbinder barely misses you.
The worldbinder hits you but does no damage.
The tarantella closely misses you. The golden eye blinks at you.
You are more confused.
The golden eye blinks at you. x2; The rime drake breathes ice at you.
The flash freeze hits you!
* * * LOW HITPOINT WARNING * * *
You are encased in ice.
The tarantella touches you.
* * * LOW HITPOINT WARNING * * *
The fire crab bites you but does no damage.
The fire crab closely misses you.
The tarantella touches you but does no damage.
The worldbinder misses you. The worldbinder hits you.
* * * LOW HITPOINT WARNING * * *
The golden eye blinks at you.
You hit the orange crystal statue.
The orange crystal statue is moderately damaged.
You slash the tarantella! You freeze the tarantella.
You barely miss the fire crab. You slash the rime drake!
You freeze the rime drake.
You hit the worldbinder but do no damage.
You miss the tarantella. The golden eye blinks at you.
You are more confused.
The golden eye blinks at you. You resist with almost no effort.
The golden eye blinks at you. You resist with almost no effort.
The tarantella touches you!
* * * LOW HITPOINT WARNING * * *
The rime drake barely misses you. The fire crab bites you.
You die...

#.©.#....≈....#.©.#.....#
########...###########..#
+.©.+..#...#.........#..#8
+...+..#...#..##.##..#..##
#+#+#++#...#.##...##.#..
+...+..#...#.#.....#.#..
+...+..#...#...GGs...#..
#...#++#...#.#GstkG#.#..
#+++#..#...#.##s@x## .
.......#...#..##8##
(.©[!..#...#..?.GG)
########...########
#.©.#....≈....#.©.#.
#...#...≈8≈...#...#.8
#.©.#....§§...#.©.#...
########...###########.
.....wY#...##..##.#


You could see an orange crystal statue, a fire crab (summoned), a worldbinder
(summoned), a rime drake (summoned), 3 tarantellas and 6 golden eyes.

Vanquished Creatures
  Snorg (D:11)
  2 two-headed ogres
  Amaemon (D:9)
  A wizard (Gauntlet)
  Pikel (D:4)
  2 ugly things (D:11)
  Joseph (D:9)
  A gargoyle (D:9)
  Psyche (D:10)
  An orange demon (D:10)
  A kobold demonologist (D:11)
  3 trolls (D:10)
  4 blink frogs (Lair:1)
  Prince Ribbit (Lair:1)
  A hornet (D:7)
  A wraith (D:9)
  5 yaks (D:11)
  A shadow (D:9)
  Sigmund (D:2)
  A wyvern (Lair:1)
  A basilisk (D:11)
  A vampire (D:11)
  A steam dragon (D:9)
  6 vampire mosquitoes
  11 water moccasins
  An acid dragon (D:10)
  A sky beast (D:7)
  3 ice beasts
  Pargi (Sewer)
  A black bear (D:5)
  3 ogres
  A centaur (D:8)
  2 phantoms
  7 bullfrogs
  6 kobold brigands
  A lemure (D:4)
  A gnoll sergeant (D:8)
  3 scorpions
  5 water moccasin zombies (Ossuary)
  19 wights
  7 killer bees
  An electric eel (D:7)
  3 jellies
  4 orc priests
  6 hounds
  3 gnoll boudas
  Ijyb (D:4)
  5 iguanas
  5 orc wizards
  3 mummies
  8 adders
  31 gnolls
  2 white imps (Gauntlet)
  3 ufetubi
  6 adder zombies (Ossuary)
  2 dart slugs
  30 orcs
  9 endoplasms
  4 giant cockroaches
  3 gnoll zombies (Ossuary)
  8 goblins
  5 hobgoblins
  3 quokkas
  13 ball pythons
  13 bats
  3 frilled lizards
  7 hobgoblin zombies (Ossuary)
  32 kobolds
  3 kobold zombies (Ossuary)
  2 orc zombies (Ossuary)
  2 rats (D:2)
333 creatures vanquished.

Vanquished Creatures (others)
  2 demonic plants (Gauntlet)
  40 fungi (D:11)
  33 plants
75 creatures vanquished.

Grand Total: 408 creatures vanquished

Notes
Turn   | Place    | Note
-------+----------+-------------------------------------------
     0 | D:1      | apoch the Minotaur Fighter began the quest for the Orb.
     0 | D:1      | Reached XP level 1. HP: 19/19 MP: 0/0
   147 | D:1      | Reached skill level 3 in Axes
   195 | D:1      | Reached XP level 2. HP: 26/26 MP: 1/1
   195 | D:1      | Found a faded altar of an unknown god.
   233 | D:1      | Prayed at the altar of an unknown god.
   233 | D:1      | Became a worshipper of Dithmenos the Shadowed
   233 | D:1      | Reached * piety under Dithmenos
   329 | D:1      | Reached skill level 4 in Axes
   513 | D:1      | Reached XP level 3. HP: 31/31 MP: 2/2
   786 | D:2      | Reached ** piety under Dithmenos
   815 | D:2      | Reached skill level 5 in Axes
   928 | D:2      | Noticed Sigmund
   936 | D:2      | Killed Sigmund
   937 | D:2      | Reached skill level 7 in Axes
   937 | D:2      | Reached XP level 4. HP: 12/39 MP: 3/3
   937 | D:2      | Reached XP level 5. HP: 13/45 MP: 4/4
  1168 | D:2      | Got the Papyrus of Metamorphosis and the Squall
  1287 | D:2      | Identified the +6 spear "Hacvo" {speed, +Blink Fly rN+
                  | Str-3}
  1427 | D:3      | Found a sacrificial altar of Ru.
  1534 | D:3      | You fall into a shaft and drop 3 floors!
  1566 | D:6      | Found a glowing drain.
  1586 | Sewer    | Entered a sewer
  1633 | Sewer    | Noticed Pargi
  1655 | Sewer    | Killed Pargi
  1656 | Sewer    | Reached skill level 8 in Axes
  1656 | Sewer    | Reached XP level 6. HP: 38/51 MP: 5/5
  1870 | D:6      | Got Toveesot's Tractate on the Glacier
  2003 | D:6      | Reached skill level 9 in Axes
  2084 | D:5      | Entered Level 5 of the Dungeon
  2134 | D:5      | Reached XP level 7. HP: 25/57 MP: 6/6
  2549 | D:4      | Reached *** piety under Dithmenos
  3206 | D:3      | Reached skill level 10 in Axes
  3718 | D:4      | Noticed Pikel
  3728 | D:4      | Killed Pikel
  3729 | D:4      | Reached XP level 8. HP: 64/73 MP: 7/7
  4302 | D:4      | Noticed Ijyb
  4308 | D:4      | Killed Ijyb
  4504 | D:4      | Found a staircase to the Ecumenical Temple.
  4568 | D:4      | Found an ornate altar of the Wu Jian Council.
  4791 | Temple   | Entered the Ecumenical Temple
  5228 | D:5      | Found a broken altar of Ashenzari.
  5325 | D:5      | Reached skill level 10 in Fighting
  5465 | D:5      | Found a snail-covered altar of Cheibriados.
  5659 | D:5      | Reached **** piety under Dithmenos
  5669 | D:5      | Reached skill level 5 in Armour
  6054 | D:6      | Reached XP level 9. HP: 30/85 MP: 8/8
  6652 | D:6      | Noticed a two-headed ogre
  6661 | D:6      | Killed a two-headed ogre
  7121 | D:6      | Reached skill level 10 in Armour
  7323 | D:7      | Reached skill level 1 in Dodging
  7323 | D:7      | Reached skill level 1 in Invocations
  7504 | D:7      | Found a sand-covered staircase.
  7521 | Ossuary  | Entered an ossuary
  7639 | Ossuary  | Reached ***** piety under Dithmenos
  7754 | D:7      | Reached XP level 10. HP: 93/93 MP: 11/11
  8499 | D:7      | Reached skill level 5 in Invocations
  9307 | D:8      | Found Yska's Assorted Antiques.
  9446 | D:8      | Bought 2 viscous coppery potions for 52 gold pieces
  9446 | D:8      | Bought a scroll labelled EQACIENL JADIWEJ for 29 gold
                  | pieces
  9446 | D:8      | Bought a scroll labelled OGERHA QAMA for 29 gold pieces
  9471 | D:8      | Found a shimmering blue altar of Sif Muna.
  9560 | D:8      | Noticed a two-headed ogre
  9573 | D:8      | Noticed a deep elf pyromancer
  9577 | D:8      | Noticed a centaur warrior
  9837 | D:8      | Found a bloodstained altar of Trog.
 10002 | D:8      | Found a stormy altar of Qazlal.
 10233 | D:9      | Noticed Joseph
 10246 | D:9      | Killed Joseph
 10480 | D:9      | Reached skill level 5 in Dodging
 11283 | D:9      | Found a faded altar of an unknown god.
 11283 | D:9      | Noticed a gargoyle
 11284 | D:9      | Found a hazy altar of Hepliaklqana.
 11289 | D:9      | Killed a gargoyle
 11814 | D:10     | Entered Level 10 of the Dungeon
 11814 | D:10     | Noticed an orange demon
 11923 | D:10     | Noticed Amaemon
 11973 | D:9      | Killed Amaemon
 11974 | D:9      | Reached XP level 11. HP: 96/99 MP: 16/16
 12227 | D:10     | Noticed Psyche
 12231 | D:10     | Killed Psyche
 12359 | D:10     | Reached ****** piety under Dithmenos
 12494 | D:10     | Noticed a two-headed ogre
 12517 | D:10     | Killed a two-headed ogre
 12583 | D:10     | Found a shadowy altar of Dithmenos.
 12888 | D:10     | Found a transporter.
 13247 | D:11     | Reached skill level 10 in Invocations
 13409 | D:11     | Noticed a cyan ugly thing
 13426 | D:11     | Killed a cyan ugly thing
 13690 | D:11     | Found a staircase to the Lair.
 13748 | D:11     | Noticed a green ugly thing
 13757 | D:11     | Killed a green ugly thing
 13886 | D:11     | Reached skill level 10 in Dodging
 13973 | D:11     | Noticed Snorg
 13981 | D:11     | Killed Snorg
 14081 | D:11     | Reached skill level 11 in Axes
 14161 | Lair:1   | Entered Level 1 of the Lair of Beasts
 14178 | Lair:1   | Noticed Prince Ribbit
 14186 | Lair:1   | Killed Prince Ribbit
 14190 | Lair:1   | Reached XP level 12. HP: 106/106 MP: 18/18
 14209 | Lair:1   | Found a gate leading to a gauntlet.
 14229 | Gauntlet | Entered a Gauntlet
 14229 | Gauntlet | Found a transporter.
 14229 | Gauntlet | Found a transporter.
 14229 | Gauntlet | Found a transporter.
 14249 | Gauntlet | Found a transporter.
 14251 | Gauntlet | Found a large runed translucent door.
 14252 | Gauntlet | Found a large runed translucent door.
 14253 | Gauntlet | Found a large runed translucent door.
 14253 | Gauntlet | Found a large runed translucent door.
 14253 | Gauntlet | Found a runed translucent door.
 14253 | Gauntlet | Found a runed translucent door.
 14254 | Gauntlet | Found a large runed translucent door.
 14255 | Gauntlet | Found a large runed translucent door.
 14256 | Gauntlet | Found a large runed translucent door.
 14256 | Gauntlet | Found a large runed translucent door.
 14257 | Gauntlet | Found a runed translucent gate.
 14257 | Gauntlet | Found a runed translucent gate.
 14257 | Gauntlet | Found a runed translucent gate.
 14259 | Gauntlet | Found a transporter.
 14263 | Gauntlet | Found a transporter.
 14269 | Gauntlet | Noticed a death yak
 14274 | Gauntlet | Noticed a death yak
 14277 | Gauntlet | Noticed a death yak
 14279 | Gauntlet | Found a transporter.
 14282 | Gauntlet | Noticed a death yak
 14282 | Gauntlet | Noticed a death yak
 14293 | Gauntlet | Noticed a death yak
 14293 | Gauntlet | Noticed a death yak
 14294 | Gauntlet | Noticed a death yak
 14295 | Gauntlet | Found a transporter.
 14295 | Gauntlet | Noticed a death yak
 14295 | Gauntlet | Noticed a death yak
 14304 | Gauntlet | Found a transporter.
 14308 | Gauntlet | Found a transporter.
 14308 | Gauntlet | Found the ring of the Mage {Wiz Archmagi}
 14311 | Gauntlet | Found a large runed translucent door.
 14311 | Gauntlet | Found a large runed translucent door.
 14312 | Gauntlet | Found a large runed translucent door.
 14313 | Gauntlet | Found a large runed translucent door.
 14314 | Gauntlet | Found a large runed translucent door.
 14314 | Gauntlet | Found a large runed translucent door.
 14315 | Gauntlet | Found a large runed translucent door.
 14316 | Gauntlet | Found a large runed translucent door.
 14318 | Gauntlet | Found a transporter.
 14322 | Gauntlet | Found a transporter.
 14353 | Gauntlet | Reached skill level 12 in Axes
 14385 | Gauntlet | HP: 3/106 [tarantella[an orange crystal statue] (11)]
 14385 | Gauntlet | Slain by a fire crab

Illustrated notes

Levels and vault maps discovered:
D:1:      minmay_arrival_open_corners, layout_rooms,
          chequers_ecumenical_altar_island
D:2:      layout_rooms, uniq_sigmund
D:3:      layout_basic, lemuel_crystal_altar
D:4:      layout_basic, amcnicky_altar_gilded, minmay_temple_entry_fiery,
          grunt_ministairs_6, due_unseen_surprise, uniq_pikel, uniq_ijyb
D:5:      layout_basic, general_overflow_altar, kennysheep_mini_moat
D:6:      layout_cave_pools, cheibrodos_sewer_entry_drain,
          minmay_divided_ellipse
D:7:      layout_layer_cave, gup_ossuary_entry_pyramid, serial_bayou_ford_a,
          nicolae_titane
D:8:      layout_basic, mainiacjoe_overflow_six_doors_small,
          mainiacjoe_overflow_boulevard, mainiacjoe_overflow_alcove_4,
          serial_shops, shop, onia_ninara_dug_in_and_dangerous
D:9:      layout_irregular_city, beargit_hepliaklqana_dungeon_heroes,
          uniq_joseph
D:10:     layout_loops_ring, lemuel_crystal_altar, nicolae_diode_basic,
          uniq_psyche, uniq_amaemon
D:11:     layout_rooms, due_lair_maze_entry_diamond, uniq_snorg
Temple:   nicolae_temple_figure_eight
Lair:1:   layout_roguey, gauntlet_entry_generic, lemuel_fruit_tree, uniq_sonja,
          uniq_prince_ribbit2
Gauntlet: gammafunk_gauntlet_hard_choice [gammafunk_gauntlet_arena_mazey,
          nicolae_gauntlet_arena_quarters,
          minmay_gauntlet_arena_make_your_own_arena,
          gammafunk_gauntlet_arena_split_diamond,
          gammafunk_gauntlet_arena_split_x, gammafunk_gauntlet_arena_crates,
          gauntlet_exit_hidden_loot]

Skill      XL: |  1  2  3  4  5  6  7  8  9 10 11 12 |
---------------+-------------------------------------+-----
Axes           | 3 4 7 8 9 10 11 12 | 12.0
Fighting       | 7 10 | 10.0
Armour         | 5 10 | 10.0
Dodging        | 2 6 10 | 10.0
Invocations    | 3 8 10 | 10.0
Shields        | |  3.6

Action                   |  1- 3 |  4- 6 |  7- 9 | 10-12 || total
-------------------------+-------+-------+-------+-------++-------
Melee: War axe           |    76 |    78 |   295 |   352 ||   801
       Headbutt          |    10 |     7 |    39 |    68 ||   124
Throw: Stone             |    19 |    14 |    54 |    20 ||   107
Evoke: Wand              |       |       |     5 |       ||     5
  Use: Potion            |     1 |       |     3 |     2 ||     6
       Scroll            |       |     3 |    14 |     8 ||    25
Armor: Scale mail        |    31 |    51 |    12 |       ||    94
       Ring mail         |       |       |    77 |   181 ||   258
       Skin              |       |       |    29 |       ||    29
Dodge: Dodged            |    39 |    76 |   110 |   266 ||   491
Block: Buckler           |    18 |    19 |    55 |    84 ||   176
